 Dungeon Crawl Stone Soup version 0.23-a0-629-gae4348f (webtiles) character file.

58 Mgcat the Skirmisher (level 4, 0/40 HPs)
             Began as a Hill Orc Fighter on Dec 26, 2018.
             Killed from afar by Sigmund (5 damage)
             ... with a puff of flame
             ... on level 2 of the Dungeon.
             The game lasted 00:02:56 (1083 turns).

Mgcat the Skirmisher (Hill Orc Fighter)             Turns: 1083, Time: 00:02:57

Health: 0/40       AC:  9    Str: 24    XL:     4   Next: 2%
Magic:  4/4        EV:  8    Int:  8    God:
Gold:   86         SH:  4    Dex: 10    Spells: 3/3 levels left

rFire    . . .     SeeInvis .   a - +0 war axe
rCold    . . .     Gourm    .   i - +0 buckler
rNeg     . . .     Faith    .   h - +0 chain mail
rPois    .         Spirit   .   (no helmet)
rElec    .         Reflect  .   (no cloak)
rCorr    .         Harm     .   (no gloves)
MR       .....                  (no boots)
Stlth    ..........             (no amulet)
HPRegen  0.13/turn              (no ring)
MPRegen  0.09/turn              (no ring)

@: mighty
A: no striking features
a: no special abilities


You were on level 2 of the Dungeon.
You were not hungry.

You visited 1 branch of the dungeon, and saw 2 of its levels.

You collected 86 gold pieces.

Inventory:

Hand Weapons
 a - a +0 war axe (weapon)
Armour
 c - a +0 shield
 h - a +0 chain mail (worn)
   (You found it on level 1 of the Dungeon)
 i - a +0 buckler (worn)
   (You found it on level 1 of the Dungeon)
Scrolls
 b - 2 scrolls of identify {unknown}
 n - a scroll of immolation {unknown}
 o - a scroll of fog {unknown}
Potions
 d - a potion of might
 e - a potion of heal wounds {unknown}
 k - a potion of curing {unknown}
 m - a potion of haste {unknown}
Comestibles
 f - 5 rations
 g - 2 chunks of flesh {@w0}


   Skills:
 + Level 4.2 Fighting
 + Level 3.6 Axes
 + Level 3.8 Armour
 + Level 3.8 Shields


You had 3 spell levels left.
You didn't know any spells.
Your spell library was empty.

Dungeon Overview and Level Annotations

Branches:
Dungeon (2/15)

Altars:

Annotations:
D:2 Sigmund


Message History

You hit the worm.
You kill the worm!
No target in view!
No target in view!
You butcher the worm corpse.
g - 3 chunks of flesh {@w0} Eating one of 3 chunks of flesh {@w0}.
You eat one of the 3 chunks of flesh {@w0}.
This raw flesh tastes terrible.
You now have 75 gold pieces (gained 14).
You see here a hunting sling.
You open the door.
There is an open door here.
A giant cockroach comes into view.
You closely miss the giant cockroach.
The giant cockroach bites you but does no damage.
The giant cockroach bites you.
You hit the giant cockroach.
The giant cockroach is heavily wounded.
The giant cockroach completely misses you.
You slash the giant cockroach!
You kill the giant cockroach!
No target in view!
No target in view!
A bat comes into view.
The bat hits you but does no damage.
A bat is nearby!
A kobold comes into view. It is wielding a +0 dagger.
The kobold shouts!
The bat closely misses you.
You barely miss the bat. The bat hits you but does no damage.
The bat barely misses you.
You barely miss the bat. The bat completely misses you.
You block the bat's attack.
Your chain mail prevents you from hitting the bat.
The bat completely misses you. You block the bat's attack.
You block the kobold's attack.
You slash the kobold!
You kill the kobold!
You have reached level 4!
The bat hits you but does no damage. x2
Your chain mail prevents you from hitting the bat.
The bat closely misses you. The bat hits you but does no damage.
You slash the bat!
You kill the bat!
No target in view!
No target in view!
No target in view!
You see here a +0 dagger.
b - 2 scrolls labeled SIASMO ZIJO (gained 1)
You see here a +0 dagger.
There is an open door here.
You now have 86 gold pieces (gained 11).
Marking area around Sigmund as unsafe for travelling.
Sigmund the Dreaded comes into view.
He is wielding a +0 scythe.
Sigmund shouts!
You hear an angry hiss.
Sigmund looks at you with fury.
Sigmund points at you and mumbles some strange words.
The puff of flame hits you!
A rat comes into view.
A hobgoblin comes into view. It is wielding a +0 club.
Unknown command.
Unknown command.
Unknown command.
Unknown command.
Unknown command.
Unknown command.
Unknown command.
You start waiting.
The rat is too close now for your liking.
You closely miss the rat. The rat closely misses you.
Sigmund casts a spell.
Sigmund flickers and vanishes!
Deactivating autopickup; reactivate with Ctrl-A.
You hit the rat.
You kill the rat!
A puff of flame appears from out of thin air!
The puff of flame hits you! Something hits you. Something hits you!
You miss something. You closely miss something. You block something's attack.
You feel very mighty all of a sudden. Something hits you.
You barely miss something. You block something's attack.
You miss something. Something hits you.
You miss something.
You hear some strange, mumbled words.
A magic dart appears from out of thin air!
The magic dart hits you!
* * * LOW HITPOINT WARNING * * *
You miss something. Something hits you!
* * * LOW HITPOINT WARNING * * *
You closely miss something. Something hits you but does no damage.
Unknown command.
You closely miss something.
You hear some strange, mumbled words.
A puff of flame appears from out of thin air!
The puff of flame hits you!
You die...

........+#......(# g.. ###
#############.#.......#
...@#..###...#..#.(#.#.#.......#
.........###...##.##.#.........#
r...#......###.)..#..#.#.......#
. #+#......###....##.#........
###......###...#.#######..
###....{.###.#.# ####..
###..@...#'#.# #.....
###.....)#.####+###'
##......##.#.....##.
##......###.#.....##. ##......##
#.#.....### ##......## #.#.....#
# ##......## #.'.....# #
##......## #.#...).# #
##......## #.#.....# #


There were no monsters in sight!

Vanquished Creatures
  A gnoll (D:1)
  An adder (D:2)
  2 worms (D:2)
  A leopard gecko (D:1)
  6 bats
  5 giant cockroaches
  3 goblins (D:1)
  2 hobgoblins (D:1)
  5 frilled lizards (D:1)
  6 kobolds
  2 rats
34 creatures vanquished.

Notes
Turn   | Place    | Note
-------+----------+-------------------------------------------
     0 | D:1      | Mgcat the Hill Orc Fighter began the quest for the Orb.
     0 | D:1      | Reached XP level 1. HP: 19/19 MP: 1/1
    31 | D:1      | Reached skill level 3 in Axes
    31 | D:1      | Reached XP level 2. HP: 23/27 MP: 2/2
   363 | D:1      | Reached skill level 4 in Fighting
   439 | D:1      | Reached XP level 3. HP: 31/33 MP: 3/3
  1025 | D:2      | Reached XP level 4. HP: 39/40 MP: 4/4
  1055 | D:2      | Noticed Sigmund
  1081 | D:2      | HP: 5/40 [something (7)]
  1083 | D:2      | Killed from afar by Sigmund

Vault maps used:
D:1:      wander_arrival_peaceful_grave, serial_bayou_pond_b
D:2:      minmay_razor_zed, lemuel_doored_altar, uniq_sigmund

Skill      XL: |  1  2 |
---------------+-------+-----
Axes           | 3 |  3.6
Fighting       | 4 |  4.2
Armour         | |  3.8
Shields        | |  3.8

Action                   |  1- 3 |  4- 6 || total
-------------------------+-------+-------++-------
Melee: War axe           |   109 |    12 ||   121
  Use: Scroll            |     3 |       ||     3
       Potion            |       |     1 ||     1
  Eat: Chunk             |     1 |       ||     1
Armor: Scale mail        |    40 |       ||    40
       Chain mail        |    45 |     5 ||    50
Dodge: Dodged            |    41 |     2 ||    43
Block: Shield            |    46 |       ||    46
       Buckler           |    14 |     2 ||    16

Table legend:
 A = Non-vault XP
 B = Vault XP
 C = Vault XP percentage of total XP
 D = Non-vault monster count
 E = Vault monster count
 F = Vault count percentage of total count
                 A         B        C        D         E       F
            +---------+---------+-------+---------+---------+-------
      Total |      71 |      13 |  15.5 |      26 |       8 |  23.5
            +---------+---------+-------+---------+---------+-------
        D:1 |      42 |      10 |  19.2 |      19 |       6 |  24.0
        D:2 |      29 |       3 |   9.4 |       7 |       2 |  22.2
            +---------+---------+-------+---------+---------+-------

Vault maps used:
D:1:      wander_arrival_peaceful_grave, serial_bayou_pond_b
D:2:      minmay_razor_zed, lemuel_doored_altar, uniq_sigmund

Table legend:
 A = Turns spent in this place as a percentage of turns spent in the entire game.
 B = Non-inter-level travel turns spent in this place as a percentage of non-inter-level travel turns spent in the entire game.
 C = Inter-level travel turns spent in this place as a percentage of turns spent in this place.
 D = Turns resting spent in this place as a percentage of non-inter-level travel turns spent in this place.
 E = Turns spent auto-exploring this place as a percentage of non-inter-level travel turns spent in this place.
 F = Non-inter-level travel turns spent in this place divided by the number of levels of this place that you've seen.
                   A       B       C       D       E      F
               +-------+-------+-------+-------+-------+----------------------
         Total | 100.0 | 100.0 |   4.0 |   1.2 |  75.7 | 520.0
       Dungeon | 100.0 | 100.0 |   4.0 |   1.2 |  75.7 | 520.0
               +-------+-------+-------+-------+-------+----------------------

Table legend:
 A = Kills in this place as a percentage of kills in entire the game.
 B = Kills by you in this place as a percentage of kills by you in the entire game.
 C = Kills by friends in this place as a percentage of kills by friends in the entire game.
 D = Other kills in this place as a percentage of other kills in the entire game.
 E = Experience gained in this place as a percentage of experience gained in the entire game.
 F = Experience gained in this place divided by the number of levels of this place that you have seen.
                   A       B       C       D       E      F
               +-------+-------+-------+-------+-------+----------------------
         Total | 100.0 | 100.0 |   N/A |   N/A | 100.0 |  42.0
       Dungeon | 100.0 | 100.0 |   N/A |   N/A | 100.0 |  42.0
               +-------+-------+-------+-------+-------+----------------------
